 Dungeon Crawl Stone Soup version 0.29.1-1-gd02db6906a (webtiles) character file.

Game seed: 968818822827723274

93 sizableburger the Insei (level 4, -2/26 HPs)
             Began as a Deep Elf Transmuter on Oct 4, 2022.
             Slain by a gnoll
             ... wielding a +0 halberd
              (9 damage)
             ... on level 2 of the Dungeon.
             The game lasted 00:08:05 (3449 turns).

sizableburger the Insei (Deep Elf Transmuter)       Turns: 3449, Time: 00:08:06

Health: -2/26      AC:  2    Str:  9    XL:     4   Next: 37%
Magic:  4/10       EV: 24    Int: 18    God:
Gold:   79         SH:  0    Dex: 20    Spells: 3/9 levels left

rFire   . . .      SeeInvis .     - Unarmed
rCold   . . .      Faith    .   (shield currently unavailable)
rNeg    . . .      Spirit   .   (body armour currently unavailable)
rPois   x          Reflect  .   (helmet currently unavailable)
rElec   .          Harm     .   (cloak currently unavailable)
rCorr   .          Rampage  .   (gloves currently unavailable)
Will    .....                   (boots currently unavailable)
Stlth   ++........              (no amulet)
HPRegen 0.08/turn               o - +4 ring of evasion
MPRegen 0.12/turn               s - ring of wizardry

@: spider-form, very slightly contaminated
A: venomous fangs, tiny
a: End Transformation


You were on level 2 of the Dungeon.
You were a venomous arachnid creature.
You visited 1 branch of the dungeon, and saw 3 of its levels.

You collected 79 gold pieces.

Inventory:

Missiles
 j - a throwing net
 q - 2 curare-tipped darts
Armour
 a - a +0 robe (melded)
 n - a +0 cloak (melded)
Jewellery
 m - an amulet of faith
 o - a +4 ring of evasion (left front leg)
 s - a ring of wizardry (right front leg)
Scrolls
 h - a scroll of identify {unknown}
 p - a scroll of enchant weapon {unknown}
 r - a scroll of poison {unknown}
Potions
 b - a potion of lignification
 c - 2 potions of heal wounds {unknown}
 d - a potion of invisibility {unknown}
 e - 3 potions of haste {unknown}
 f - a potion of ambrosia {unknown}
 g - 3 potions of curing {unknown}
 i - 3 potions of attraction {unknown}
 k - a potion of magic {unknown}
 l - a potion of might {unknown}


   Skills:
 + Level 2.0 Fighting
 - Level 2.4 Dodging
 + Level 3.1 Unarmed Combat
 - Level 3.0 Spellcasting
 - Level 3.0 Transmutations
 + Level 1.5 Poison Magic


You had 3 spell levels left.
You knew the following spells:

 Your Spells              Type           Power      Damage    Failure   Level
a - Beastly Appendage     Tmut           26%        N/A       6%          1
b - Wereblood             Tmut           13%        N/A       8%          2
c - Spider Form           Tmut/Pois      10%        N/A       16%         3

Your spell library contained the following spells:

 Spells                   Type           Power      Damage    Failure   Level
 Shock                    Conj/Air       8%         1d3       14%         1
 Swiftness                Air            2%         N/A       32%         3
 Ice Form                 Ice/Tmut       8%         N/A       50%         4
 Blade Hands              Tmut           6%         N/A       61%         5
 Airstrike                Air            1%         2d(1-17)  67%         4
 Animate Armour           Summ/Erth      4%         N/A       67%         4
 Iron Shot                Conj/Erth      1%         9d1       100%        6


Dungeon Overview and Level Annotations

Branches:
Dungeon (3/15)

Altars:


Message History

You hit Terence but do no damage.
Terence looks as sick as possible!
Terence is moderately wounded.
Terence completely misses you.
You hit Terence.
Terence is severely wounded.
You kill Terence!
Your Fighting skill increases to level 2!
You start resting.
Your transformation is almost over.
Your transformation has ended.
Your +0 cloak unmelds from your body.
Your +0 robe unmelds from your body.
You start resting.
Magic restored.
You start resting.
HP restored.
There is a stone staircase leading down here.
Things that are here:
a +0 falchion; a +0 scale mail A gnoll is nearby!
Casting: Spider Form (quite dangerous; 8% risk of failure)
Confirm with . or Enter, or press ? or * to list all spells.
The spell is quite dangerous to miscast (8% risk of failure)!
Continue anyway?
You miscast Spider Form.
You are very lightly contaminated with residual magic.
Nothing appears to happen.
The gnoll shouts!
You hear a shout! x2
Casting: Spider Form (quite dangerous; 8% risk of failure)
Confirm with . or Enter, or press ? or * to list all spells.
The spell is quite dangerous to miscast (8% risk of failure)!
Continue anyway?
You turn into a venomous arachnid creature.
Your +0 cloak melds into your body.
Your +0 robe melds into your body.
The gnoll completely misses you. The gnoll hits you with a +0 halberd!
You hit the gnoll.
The gnoll is lightly wounded.
The gnoll hits you with a +0 halberd!
* * * LOW HITPOINT WARNING * * *
The gnoll completely misses you. The gnoll attacks as you move away!
The gnoll hits you with a +0 halberd!
You die...

### ####..# #...........# ..#
#.....# ############# #.#
#.##.## #....)>...# #.# #.##.#
#.#######.# #.# #.##.# #.# #.#
#.###.##.#######.## #.#
......)..##.......# #.#
####..<#.##.####..# #.#
#....>..g.....#s.# #.#
#.#...#..>.g..#g.# #.#
#.##.#####.##.g..## #.# ##
#.##..............### #.#######.
#.########.......##.###.........
### #.##.#.##)..##########.
#.##.........# #..
..##.####...#########..
.####.#####.###........#


You could see 2 gnolls.

Vanquished Creatures
  Terence (D:2)
  An adder (D:3)
  A worm (D:1)
  3 dart slugs
  3 ball pythons
  3 endoplasms
  3 giant cockroaches
  8 goblins
  7 hobgoblins
  3 quokkas
  6 bats
  3 frilled lizards (D:2)
  4 kobolds
  3 rats
49 creatures vanquished.

Notes
Turn   | Place    | Note
-------+----------+-------------------------------------------
     0 | D:1      | sizableburger the Deep Elf Transmuter began the quest for
                  | the Orb.
     0 | D:1      | Reached XP level 1. HP: 11/11 MP: 6/6
   260 | D:1      | Reached skill level 1 in Fighting
   367 | D:1      | Reached XP level 2. HP: 16/16 MP: 6/8
   517 | D:1      | Learned a level 2 spell: Wereblood
  1439 | D:2      | Reached XP level 3. HP: 17/20 MP: 7/9
  1453 | D:2      | Learned a level 3 spell: Spider Form
  2923 | D:3      | Noticed an ogre
  3202 | D:3      | Reached skill level 1 in Poison Magic
  3208 | D:3      | Reached XP level 4. HP: 26/26 MP: 7/10
  3333 | D:2      | Noticed Terence
  3340 | D:2      | Killed Terence
  3449 | D:2      | Slain by a gnoll

Illustrated notes

Levels and vault maps discovered:
D:1:      shiori_shiawase, layout_basic, minmay_misc_feat_ornament,
          due_unseen_surprise
D:2:      layout_loops_ring, shapermc_ecumenical_altar_pompeii,
          nrook_loot_triangle, uniq_terence
D:3:      minmay_spotlight, layout_loops_corners, serial_rivers,
          chequers_serial_rivers_small_3, chequers_serial_rivers_micro_d,
          chequers_serial_rivers_small_3, chequers_serial_rivers_small_a,
          chequers_serial_rivers_large_a, chequers_serial_rivers_marsh,
          serial_shops, nicolae_shop_trees

Skill      XL: |  1  2  3  4 |
---------------+-------------+-----
Fighting       | 1 2 |  2.0
Transmutations | 3 |  3.0
Unarmed Combat | 3 |  3.1
Poison Magic   | 1 |  1.5
Dodging        | |  2.4
Spellcasting   | |  3.0

Action                   |  1- 3 |  4- 6 || total
-------------------------+-------+-------++-------
Melee: Unarmed           |   140 |     9 ||   149
       Kick              |    25 |       ||    25
       Headbutt          |    11 |     1 ||    12
       Punch             |     1 |       ||     1
 Cast: Beastly Appendage |    29 |       ||    29
       Spider Form       |     2 |     2 ||     4
       Wereblood         |     1 |       ||     1
 Stab: Sleeping          |     2 |       ||     2
Armor: Robe              |    28 |     2 ||    30
Dodge: Dodged            |   108 |    10 ||   118
